 Dungeon Crawl Stone Soup version 0.30.0-5-g1a98f26d00 (webtiles) character file.

Game seed: 18137470204908540510

49 ragingrage the Cutter (level 3, -1/19 HPs)
             Began as a Tengu Enchanter on May 9, 2023.
             Slain by Jessica
             ... wielding a +2 club
              (5 damage)
             ... on level 2 of the Dungeon.
             The game lasted 00:05:02 (1933 turns).

ragingrage the Cutter (Tengu Enchanter)             Turns: 1933, Time: 00:05:02

Health: -1/19      AC:  3    Str:  8    XL:     3   Next: 75%
Magic:  1/7        EV: 12    Int: 15    God:
Gold:   131        SH:  0    Dex: 16    Spells: 1/6 levels left

rFire   . . .        a - +1 dagger
rCold   . . .        (no shield)
rNeg    . . .        b - +1 robe
rPois   .            (helmet restricted)
rElec   .            (no cloak)
rCorr   .            (no gloves)
SInv    .            (boots unavailable)
Will    .....        (no amulet)
Stlth   ++           (no ring)
HPRegen 0.23/turn    (no ring)
MPRegen 0.10/turn

%: no passive effects
@: very slightly contaminated, slowed, very slow
A: beak, talons 3
a: no special abilities


You were on level 2 of the Dungeon.
You visited 1 branch of the dungeon, and saw 4 of its levels.

You collected 131 gold pieces.

Inventory:

Hand Weapons
 a - a +1 dagger (weapon)
Missiles
 e - 5 poisoned darts
Armour
 b - a +1 robe (worn)
Jewellery
 k - a ring of willpower
Scrolls
 i - 2 scrolls of identify
Potions
 c - 2 potions of invisibility
 d - a potion of ambrosia {unknown}
 g - a potion of lignification {unknown}
 h - 3 potions of heal wounds {unknown}
 j - a potion of degeneration {unknown}


   Skills:
 + Level 3.2 Short Blades
 - Level 2.1 Dodging
 - Level 3.0 Stealth
 - Level 2.0 Spellcasting
 - Level 2.1 Hexes
 + Level 1.4 Ice Magic


You had one spell level left.
You knew the following spells:

 Your Spells              Type           Power      Damage    Failure   Level
a - Ensorcelled Hibernat  Hex/Ice        12%        N/A       16%         2
b - Confusing Touch       Hex            8%         N/A       26%         3

Your spell library contained the following spells:

 Spells                   Type           Power      Damage    Failure   Level
 Tukima's Dance           Hex            8%         N/A       26%         3
 Dazzling Flash           Conj/Hex       8%         N/A       38%         3


Dungeon Overview and Level Annotations

Branches:
Dungeon (4/15)
 Temple: D:4-7

Altars:

Shops:
D:4 ?

Annotations:
D:2 exclusion: door, Jessica
D:3 Robin
D:4 exclusion: upstairs, Grinder


Innate Abilities, Weirdness & Mutations

You have a beak for a mouth.
You have claws for feet.


Message History

i - 2 scrolls of identify (gained 1)
Found a stone staircase leading down.
You now have 131 gold pieces (gained 2).
You open the door.
A gnoll and 2 jackals come into view.
You close the door.
A closed door.
You see here a +0 hand axe.
There is an escape hatch in the floor here.
Jessica the Apprentice Sorceress comes into view.
She is wielding a +2 club.
Jessica shouts!
Jessica gestures at you while chanting.
You feel yourself slow down.
Aiming: Ensorcelled Hibernation (safe; 16% risk of failure)
Aim: Jessica, wielding a +2 club and wearing a +0 robe (chance to affect: 49%) Jessica resists with some effort.
Jessica mumbles some strange words.
Jessica seems to speed up.
Unknown command.
Aiming: Ensorcelled Hibernation (safe; 16% risk of failure)
Aim: Jessica, wielding a +2 club and wearing a +0 robe (fast, chance to affect: 49%)
You miscast Ensorcelled Hibernation.
You are very lightly contaminated with residual magic.
Nothing appears to happen.
Jessica hits you with a +2 club.
A hobgoblin comes into view.
Jessica mumbles some strange words.
Jessica blinks!
The hobgoblin shouts!
Aiming: Ensorcelled Hibernation (safe; 16% risk of failure)
Aim: a hobgoblin (chance to affect: 57%)
You miscast Ensorcelled Hibernation.
Nothing appears to happen.
You don't have enough magic to cast this spell.
Unknown command.
Jessica attacks as you move away! Jessica hits you with a +2 club. x2
Jessica attacks as you move away! Jessica hits you with a +2 club.
* * * LOW HITPOINT WARNING * * *
Jessica hits you with a +2 club.
You die...

#.## #...#####..###
#..# #...## #.....
##.# ##...####...##
#.# #.#.#....).##
#.# #............
#.#####...####....
#....#..#.# #.....
##......##.# #.....
#.@.....##.###.....
#g@.....##.##......
#.......#..........
##.....##..#.......
............#.#...
........).###.#...
.................##
........#........##
.......###.........#


You could see Jessica (fast) and a hobgoblin.

Vanquished Creatures
  An adder (D:3)
  2 worms (D:4)
  A dart slug (D:2)
  An orc (D:4)
  5 ball pythons
  3 bats
  An endoplasm (D:4)
  7 goblins
  A hobgoblin (D:1)
  5 kobolds
  A frilled lizard (D:4)
  3 rats
31 creatures vanquished.

Notes
Turn   | Place    | Note
-------+----------+-------------------------------------------
     0 | D:1      | ragingrage the Tengu Enchanter began the quest for the Orb.
     0 | D:1      | Reached XP level 1. HP: 10/10 MP: 4/4
   384 | D:1      | Reached XP level 2. HP: 15/15 MP: 6/6
   572 | D:1      | Learned a level 2 spell: Ensorcelled Hibernation
  1145 | D:2      | You fall into a shaft and drop 1 floor!
  1192 | D:3      | Noticed Robin
  1230 | D:3      | Reached skill level 1 in Ice Magic
  1230 | D:3      | Reached XP level 3. HP: 19/19 MP: 7/7
  1288 | D:4      | Learned a level 3 spell: Confusing Touch
  1331 | D:4      | Found Voaggami's Magic Scroll Shoppe.
  1337 | D:4      | Noticed Grinder
  1927 | D:2      | Noticed Jessica
  1933 | D:2      | Slain by Jessica

Illustrated notes

Levels and vault maps discovered:
D:1:      dpeg_arrival_round_b, layout_basic
D:2:      layout_rooms, chequers_serial_rivers_micro_d, cheibrodos_gnoll_hut,
          uniq_jessica, uniq_crazy_yiuf_cottage
D:3:      layout_basic, uniq_ijyb, uniq_robin
D:4:      layout_loops_cross, makhleb_altar_promises_db, serial_shops, shop,
          uniq_grinder

Skill      XL: |  1  2 |
---------------+-------+-----
Short Blades   | 2 3 |  3.2
Ice Magic      | 1 |  1.4
Dodging        | |  2.1
Stealth        | |  3.0
Spellcasting   | |  2.0
Hexes          | |  2.1

Action                     || total
---------------------------++-------
  Melee: Dagger            ||    67
         Kick              ||    23
         Peck              ||     9
   Cast: Ensorcelled Hiber ||     1
    Use: Scroll            ||     4
         Potion            ||     3
   Stab: Sleeping          ||     8
         Invisible         ||     1
 Armour: Robe              ||     9
  Dodge: Dodged            ||    29
